 Dungeon Crawl Stone Soup version 0.27-a0-681-g0c81a3c1c3 (webtiles) character file.

Game seed: 6118810894555734647

29 Lanoc the Skirmisher (level 3, -1/28 HPs)
             Began as a Vampire Abyssal Knight on Mar 20, 2021.
             Was a Follower of Lugonu.
             Killed by divine providence
             ... invoked by an orc priest
              (12 damage)
             ... on level 3 of the Dungeon.
             The game lasted 00:01:14 (556 turns).

Lanoc the Skirmisher (Vampire Abyssal Knight)        Turns: 556, Time: 00:01:15

Health: -1/28      AC:  3    Str: 11    XL:     3   Next: 1%
Magic:  4/4        EV: 12    Int: 14    God:    Lugonu [*.....]
Gold:   12         SH:  0    Dex: 14    Spells: 2/2 levels left

rFire    . . .     SeeInvis +   a - +1 spear
rCold    . . .     Faith    .   (no shield)
rNeg     . . .     Spirit   .   b - +0 leather armour
rPois    .         Reflect  .   (no helmet)
rElec    .         Harm     .   (no cloak)
rCorr    .         Rampage  .   (no gloves)
Will     .....                  (no boots)
Stlth    +.........             (no amulet)
HPRegen  0.29/turn              (no ring)
MPRegen  0.09/turn              (no ring)

@: regenerating quickly
A: alive, fangs 3, see invisible, unbreathing 1, vampiric 2
a: Exsanguinate, Renounce Religion, Depart the Abyss


You were on level 3 of the Dungeon.
You worshipped Lugonu.
Lugonu was aware of your devotion.
You visited 1 branch of the dungeon, and saw 3 of its levels.
You visited the Abyss 1 time.

You collected 12 gold pieces.

Inventory:

Hand Weapons
 a - a +1 spear (weapon)
Armour
 b - a +0 leather armour (worn)
Scrolls
 c - a scroll of torment {unknown}
 d - a scroll of teleportation {unknown}
 e - 2 scrolls of blinking {unknown}


   Skills:
 + Level 2.9 Fighting
 * Level 2.4 Polearms
 - Level 0.7 Armour
 + Level 2.5 Dodging
 + Level 1.9 Invocations


You had 2 spell levels left.
You didn't know any spells.
Your spell library was empty.

Dungeon Overview and Level Annotations

Branches:
Dungeon (3/15)

Altars:


Innate Abilities, Weirdness & Mutations

Your natural rate of healing is unusually fast.
You have razor-sharp teeth.
You have supernaturally acute eyesight. (SInv)
You can survive without breathing.
You are afflicted with vampirism and can become a bat while bloodless.


Message History

You kill the orc!
Lugonu accepts your kill. The frilled lizard bites you.
You have reached level 3!
Your experience leads to an increase in your attributes!
Increase (S)trength, (I)ntelligence, or (D)exterity?
You feel agile.
You can now turn into a vampire bat when bloodless.
You hit the frilled lizard.
The frilled lizard is heavily wounded.
The frilled lizard barely misses you.
You miss the frilled lizard.
The frilled lizard bites you but does no damage.
You closely miss the frilled lizard. The frilled lizard bites you.
You closely miss the frilled lizard. The frilled lizard bites you.
You completely miss the frilled lizard.
The frilled lizard completely misses you.
You barely miss the frilled lizard. The frilled lizard bites you.
You barely miss the frilled lizard. The frilled lizard barely misses you.
You hit the frilled lizard.
You kill the frilled lizard!
Lugonu accepts your kill.
No target in view!
You start resting.
HP restored.
You climb downwards.
The orc priest calls down the wrath of Beogh upon you.
Beogh smites you!
There is a stone staircase leading up here.
The orc priest hits you with a +0 whip!
You are too injured to fight recklessly!
You are too injured to fight recklessly!
You hit the orc priest but do no damage.
The orc priest invokes the aid of Beogh against you.
You barely resist. You closely miss the orc priest. You bite the orc priest.
The orc priest is lightly wounded.
The orc priest mumbles some strange prayers to Beogh against you.
Beogh smites you!
You die...

### ..# #####
#.# #...# #.##
#...###..####
#..o........#
#.<@####.##....
#..<# #.# #
###.# #l# #.#
..o #.# ... #..
..... ### .####
#.


You could see an orc priest.

Vanquished Creatures
  An adder (D:2)
  A dart slug (D:2)
  2 orcs (D:2)
  2 giant cockroaches (D:2)
  A goblin (D:2)
  3 jackals
  A quokka (D:2)
  2 frilled lizards (D:2)
  3 rats
16 creatures vanquished.

Notes
Turn   | Place    | Note
-------+----------+-------------------------------------------
     0 | Abyss:1  | Lanoc the Vampire Abyssal Knight began the quest for the
                  | Orb.
     0 | Abyss:1  | Reached XP level 1. HP: 17/17 MP: 2/2
   108 | Abyss:1  | Noticed a wretched star
   111 | D:1      | Escaped the Abyss
   322 | D:2      | Reached XP level 2. HP: 23/23 MP: 3/3
   342 | D:2      | Reached * piety under Lugonu
   519 | D:2      | Gained mutation: You are afflicted with vampirism and can
                  | become a bat while bloodless. [Vampire growth]
   519 | D:2      | Reached XP level 3. HP: 23/28 MP: 4/4
   556 | D:3      | Killed from afar by an orc priest

Illustrated notes

Levels and vault maps discovered:
D:1:      roderic_dead_forest, layout_basic, minmay_strange_pillars
D:2:      layout_basic, grunt_ministairs_1, minmay_tetromino_t4
D:3:      layout_rooms, chequers_ecumenical_altar_simple, grunt_decor_one_mirror

Skill      XL: |  1 |
---------------+----+-----
Polearms       | 2 |  2.4
Fighting       | |  2.9
Armour         | |  0.7
Dodging        | |  2.5
Invocations    | |  1.9

Action                   || total
-------------------------++-------
Melee: Spear             ||    68
       Bite              ||     3
Invok: Depart the Abyss  ||     1
 Stab: Sleeping          ||     1
Armor: Leather armour    ||    15
Dodge: Dodged            ||    51

Table legend: (Time is in decaauts)
 A = Elapsed time spent in this place.
 B = Non-inter-level travel time spent in this place.
 C = Inter-level travel time spent in this place.
 D = Time resting spent in this place.
 E = Time spent auto-exploring this place.
 F = Levels seen in this place.
 G = Mean time per level.
                   A        B        C        D        E       F      G
               +--------+--------+--------+--------+--------+-----+--------+
         Total |    558 |    530 |     28 |     53 |    335 |   4 |  139.5 |
       Dungeon |    447 |    419 |     28 |     53 |    242 |   3 |  149.0 |
         Abyss |    111 |    111 |      0 |      0 |     93 |   1 |  111.0 |
               +--------+--------+--------+--------+--------+-----+--------+

Top non-repeatable levels by time:
     D:2: 271 daAuts
     D:1: 117 daAuts
 Abyss:1: 111 daAuts
     D:3: 58 daAuts
